 Dungeon Crawl Stone Soup version 0.30-a0-702-gdf48620a09 (webtiles) character file.

Game seed: 16737203699692545112

5538 funkygono the Thaumaturge (level 10, 0/65 HPs)
             Began as a Demonspawn Fire Elementalist on Jan 20, 2023.
             Was a Follower of Vehumet.
             Shot with a sling bullet by Joseph (17 damage)
             ... on level 8 of the Dungeon on Jan 21, 2023.
             The game lasted 00:21:42 (10304 turns).

funkygono the Thaumaturge (DsFE)                   Turns: 10304, Time: 00:21:42

Health: 0/65       AC:  9    Str:  9    XL:     10   Next: 43%
Magic:  14/22      EV: 12    Int: 20    God:    Vehumet [*.....]
Gold:   279        SH:  5    Dex: 14    Spells: 12/26 levels left

rFire   + . .      SeeInvis .    j - staff of fire
rCold   . . .      Faith    .    (no shield)
rNeg    . . .      Spirit   .    d - +2 leather armour {rPois}
rPois   +          Reflect  +    (helmet restricted)
rElec   .          Harm     .    (no cloak)
rCorr   .          Rampage  .    f - +0 pair of gloves
Will    .....                    b - +2 pair of boots
Stlth   ++                       u - amulet of reflection
HPRegen 0.30/turn                A - ring of poison resistance
MPRegen 0.18/turn                (no ring)

@: no status effects
A: antennae 2, icemail 1, spiny 2, condensation shield
a: Renounce Religion


You were on level 8 of the Dungeon.
You worshipped Vehumet.
Vehumet was aware of your devotion.
You visited 2 branches of the dungeon, and saw 9 of its levels.

You collected 531 gold pieces.
You spent 252 gold pieces at shops.

Inventory:

Hand Weapons
 t - a +1 whip
 C - a +5 scimitar of freezing
 D - a +1 whip of freezing
Armour
 a - a +0 robe
 b - a +2 pair of boots (worn)
 c - a +3 ring mail
 d - a +2 leather armour of poison resistance (worn)
 f - a +0 pair of gloves (worn)
 h - a +1 scale mail of fire resistance
 i - the +0 buckler of Reason {+Blink +Inv Will++ Int-4}
   (You found it on level 6 of the Dungeon)

   Int:       It affects your intelligence (-4).
   +Inv:      It lets you turn invisible.
   +Blink:    It lets you blink.
   Will:      It greatly increases your willpower.
Magical Staves
 j - a staff of fire (weapon)
 x - a staff of air
Jewellery
 u - an amulet of reflection (around neck)
 v - an amulet of faith
 A - a ring of poison resistance (left hand)
 E - an amulet of guardian spirit
Wands
 w - a wand of mindburst (8)
 B - a wand of flame (33)
Scrolls
 o - a scroll of identify
 p - a scroll of enchant weapon
 r - 2 scrolls of blinking
 s - 2 scrolls of vulnerability
 y - a scroll of fear
Potions
 e - 4 potions of lignification
 g - 2 potions of ambrosia
 k - a potion of berserk rage
 l - a potion of haste
 m - 2 potions of heal wounds
 n - 5 potions of curing
 q - a potion of mutation
 z - a potion of magic


   Skills:
 + Level 1.1 Fighting
 + Level 1.4(1.6) Maces & Flails
 + Level 1.1(1.4) Staves
 + Level 2.8 Armour
 + Level 3.6 Dodging
 - Level 1.7 Stealth
 + Level 2.5 Shields
 + Level 8.9 Spellcasting
 + Level 5.5 Conjurations
 + Level 8.1 Fire Magic
 * Level 2.9 Earth Magic


You had 12 spell levels left.
You knew the following spells:

 Your Spells              Type           Power      Damage    Failure   Level
a - Foxfire               Conj/Fire      100%       2x1d9     1%          1
b - Scorch                Fire           100%       2d10      1%          2
c - Kindle Blastsparks    Fire/Tloc/Air  58%        2d14      11%         3
d - Flame Wave            Conj/Fire      53%        2d13      6%          4
e - Stone Arrow           Conj/Erth      50%        3d10      5%          3
f - Magic Dart            Conj           100%       1d8       1%          1

Your spell library contained the following spells:

 Spells                   Type           Power      Damage    Failure   Level
 Sandblast                Erth           40%        2d10      3%          1
 Shock                    Conj/Air       80%        1d8       3%          1
 Inner Flame              Hex/Fire       38%        N/A       6%          3
 Sticky Flame             Conj/Fire      53%        2d7       6%          4
 Passwall                 Tmut/Erth      11%        N/A       9%          2
 Ignite Poison            Fire/Tmut/Pois 29%        N/A       11%         3
 Mephitic Cloud           Conj/Pois/Air  16%        N/A       14%         3
 Cigotuvi's Dreadful Rot  Necr/Pois/Air  16%        N/A       16%         2
 Ensorcelled Hibernation  Hex/Ice        16%        N/A       16%         2
 Poisonous Vapours        Pois/Air       16%        N/A       16%         2
 Frozen Ramparts          Ice            16%        1d3       32%         3
 Swiftness                Air            8%         N/A       32%         3
 Airstrike                Air            4%         2d(1-17)  71%         4
 Ice Form                 Ice/Tmut       8%         N/A       71%         4
 Summon Ice Beast         Ice/Summ       8%         N/A       71%         4
 Malign Gateway           Summ/Tloc      4%         N/A       100%        7
 Ignition                 Fire           29%        3d9       100%        8
 Summon Horrible Things   Summ           4%         N/A       100%        8


Dungeon Overview and Level Annotations

Branches:
Dungeon (8/15)             Temple (1/1) D:7
   Lair: D:8-11

Altars:
Ashenzari
Cheibriados
Fedhas
Gozag
Hepliaklqana
Kikubaaqudgha
Nemelex Xobeh
Okawaru
Ru
Sif Muna
Uskayaw
Vehumet
Wu Jian
Xom
Yredelemnul

Shops:
D:6 :   D:7 ?

Annotations:
D:8 Joseph


Innate Abilities, Weirdness & Mutations

You have a pair of antennae on your head.
A meltable icy envelope protects you from harm. (AC +0)
You are mostly covered in sharp spines.
A meltable shield of frost defends you. (SH +0)


Message History

You resist.
Casting: Foxfire (safe; 1% risk of failure)
Confirm with . or Enter, or press ? or * to list all spells.
You feel a surge of power!
You conjure some foxfire!
The foxfire hits Joseph.
Joseph is lightly wounded.
The foxfire hits Joseph.
Joseph is lightly wounded.
Joseph unwields a +1 quarterstaff of speed.
Joseph wields a +3 sling of electrocution.
You hear the crackle of electricity.
Joseph shoots a sling bullet.
The sling bullet misses you.
Casting: Foxfire (safe; 1% risk of failure)
Confirm with . or Enter, or press ? or * to list all spells.
You feel a surge of power!
You conjure some foxfire!
Casting: Foxfire (safe; 1% risk of failure)
Confirm with . or Enter, or press ? or * to list all spells.
You feel a surge of power!
Flames lash Joseph.
Joseph is moderately wounded.
Joseph's fire resistance burns away.
The foxfire hits Joseph but does no damage.
Joseph is moderately wounded.
The foxfire hits Joseph.
Joseph is burned terribly!
Joseph is heavily wounded.
Joseph shoots a sling bullet.
The sling bullet hits you.
Casting: Scorch (safe; 1% risk of failure)
Confirm with . or Enter, or press ? or * to list all spells.
You feel a surge of power!
Flames lash Joseph.
Joseph is burned terribly!
Joseph is severely wounded.
Joseph shoots a sling bullet.
The sling bullet hits you!
You are electrocuted!
Joseph zaps a wand.
The puff of flame hits you but does no damage.
Casting: Scorch (safe; 1% risk of failure)
Confirm with . or Enter, or press ? or * to list all spells.
You feel a surge of power!
Flames lash Joseph.
Joseph is burned terribly!
Joseph is almost dead.
Joseph shoots a sling bullet.
The sling bullet hits you!!
* * * LOW HITPOINT WARNING * * *
You are electrocuted!
You die...

......# ..≈≈.§≈§≈
......### .......
......'.# .....
......###+## ...
####.###≈§≈# #'#
## #.#.'≈§§+ #.#
.###'#.#≈≈≈# #@#
.#.....##+## ##.#
......<...## #.@#
#........+.# #.##
#........#'####.##
##.#####.........#
#..####.....#...#
#.....#.....#.#.#
#.#...#.........#
#.....#...÷..####
###...#####..#


You could see Joseph (fast, combustible).

Vanquished Creatures
  2 death yaks (D:7)
  Pikel (D:8)
  2 trolls (D:7)
  A hornet (D:8)
  5 vampire mosquitoes
  A water moccasin (D:8)
  A black bear (D:4)
  An ice beast (D:5)
  2 orc warriors
  A sky beast (D:6)
  An ogre (D:7)
  2 phantoms (D:5)
  3 lemures
  2 bullfrogs
  2 scorpions
  8 wights
  5 killer bees (D:7)
  2 howler monkeys
  2 hounds
  2 jellies
  5 orc priests
  2 gnoll boudas
  4 iguanas
  4 orc wizards
  A scorpion zombie (D:4)
  A hound zombie (D:4)
  A mummy (D:6)
  A howler monkey zombie (D:4)
  16 gnolls
  11 adders
  An ufetubus (D:5)
  An adder zombie (D:4)
  5 worms
  5 dart slugs
  21 orcs
  8 ball pythons
  2 bats (D:1)
  8 endoplasms
  A giant cockroach (D:4)
  7 goblins
  5 hobgoblins
  2 jackals (D:4)
  9 kobolds
  2 quokkas (D:2)
  A frilled lizard (D:2)
  A hobgoblin zombie (D:6)
  A kobold zombie (D:6)
  2 orc zombies (D:6)
  A rat (D:3)
175 creatures vanquished.

Vanquished Creatures (others)
  593 foxfires
593 creatures vanquished.

Grand Total: 768 creatures vanquished

Notes
Turn   | Place    | Note
-------+----------+-------------------------------------------
     0 | D:1      | funkygono the Demonspawn Fire Elementalist began the quest
                  | for the Orb.
     0 | D:1      | Reached XP level 1. HP: 13/13 MP: 3/3
   296 | D:1      | Gained mutation: A meltable shield of frost defends you.
                  | (SH +0) [demonic ancestry]
   296 | D:1      | Reached XP level 2. HP: 19/19 MP: 1/5
   299 | D:1      | Learned a level 2 spell: Scorch
  1050 | D:2      | Gained mutation: A meltable icy envelope protects you from
                  | harm. (AC +0) [demonic ancestry]
  1050 | D:2      | Reached XP level 3. HP: 24/24 MP: 0/6
  1054 | D:2      | Learned a level 3 spell: Kindle Blastsparks
  2133 | D:2      | Upgraded the game from 0.30-a0-696-g2367cd04db to
                  | 0.30-a0-702-gdf48620a09
  2338 | D:3      | Found a snail-covered altar of Cheibriados.
  2615 | D:3      | Reached XP level 4. HP: 30/30 MP: 5/8
  2893 | D:3      | Found a faded altar of an unknown god.
  3834 | D:4      | Found a basalt altar of Yredelemnul.
  3857 | D:4      | Gained mutation: You are partially covered in sharp spines.
                  | [demonic ancestry]
  3857 | D:4      | Reached XP level 5. HP: 35/35 MP: 1/10
  4186 | D:4      | Reached XP level 6. HP: 41/41 MP: 3/11
  4490 | D:4      | Found a broken altar of Ashenzari.
  4815 | D:4      | Found a shimmering altar of Xom.
  4821 | D:4      | Found a shimmering blue altar of Sif Muna.
  4903 | D:4      | Found an opulent altar of Gozag.
  5016 | D:4      | Learned a level 4 spell: Flame Wave
  5139 | D:5      | Entered Level 5 of the Dungeon
  5163 | D:5      | Reached skill level 5 in Fire Magic
  5235 | D:5      | Noticed an ice beast
  5244 | D:5      | Killed an ice beast
  5245 | D:5      | Gained mutation: You have a pair of small antennae on your
                  | head. [demonic ancestry]
  5245 | D:5      | Reached XP level 7. HP: 46/46 MP: 6/13
  5576 | D:5      | Reached skill level 1 in Maces & Flails
  5576 | D:5      | Reached skill level 5 in Spellcasting
  6226 | D:5      | Reached XP level 8. HP: 40/53 MP: 5/16
  6531 | D:6      | Identified the +0 buckler of Reason {+Blink +Inv Will++
                  | Int-4}
  6770 | D:6      | Reached skill level 1 in Shields
  6782 | D:6      | Reached skill level 1 in Armour
  7486 | D:6      | Gained mutation: You are mostly covered in sharp spines.
                  | [demonic ancestry]
  7486 | D:6      | Reached XP level 9. HP: 58/58 MP: 13/19
  7632 | D:6      | Found Tehy's Book Shop.
  7640 | D:6      | Bought a book of Geomancy for 252 gold pieces
  7644 | D:6      | Learned a level 3 spell: Stone Arrow
  8287 | D:7      | Found a staircase to the Ecumenical Temple.
  8297 | Temple   | Entered the Ecumenical Temple
  8441 | Temple   | Became a worshipper of Vehumet
  8496 | D:7      | Found Ducvoakh's Magic Scroll Shoppe.
  8593 | D:7      | Noticed a troll
  8599 | D:7      | Killed a troll
  8600 | D:7      | Reached skill level 1 in Staves
  8601 | D:7      | Noticed a troll
  8615 | D:7      | Killed a troll
  8890 | D:7      | Reached skill level 5 in Conjurations
  8890 | D:7      | Reached skill level 1 in Earth Magic
  9526 | D:8      | Noticed Pikel
  9587 | D:8      | Killed Pikel
  9588 | D:8      | Reached skill level 1 in Fighting
  9588 | D:8      | Gained mutation: You have a pair of antennae on your head.
                  | [demonic ancestry]
  9588 | D:8      | Reached XP level 10. HP: 65/65 MP: 12/22
  9656 | D:8      | Noticed a death yak
  9656 | D:8      | Noticed a death yak
  9658 | D:8      | Noticed a death yak
  9658 | D:8      | Noticed a death yak
  9687 | D:7      | Killed a death yak
  9925 | D:8      | Paralysed by a hornet for 3 turns
 10068 | D:7      | HP: 3/65 [death yak (15)]
 10069 | D:7      | Killed a death yak
 10069 | D:7      | Reached * piety under Vehumet
 10069 | D:7      | Offered knowledge of Magic Dart by Vehumet.
 10072 | D:7      | Learned a level 1 spell: Magic Dart
 10294 | D:8      | Noticed Joseph
 10304 | D:8      | Shot with a sling bullet by Joseph

Illustrated notes

Levels and vault maps discovered:
D:1:      scummos_arrival_checkerplants, layout_basic, minivault_27,
          amethyst_killhole, item_on_display_a
D:2:      layout_loops_cross, kennysheep_nondescript
D:3:      layout_loops_corners, kennysheep_slug_shrine,
          shapermc_ecumenical_altar_mp_vishouse
D:4:      nicolae_BIG_FREAKIN_CUBE, layout_loops_ring,
          nicolae_yredelemnul_corpse_copse,
          nicolae_overflow_hallway_of_the_gods, amcnicky_altar_gilded
D:5:      layout_basic
D:6:      layout_loops_corners, serial_shops, nicolae_shop_hallway_stairs,
          minmay_mini_ossuary
D:7:      minmay_cornered_nines, layout_rooms, minmay_temple_entry_waves,
          serial_shops, shop
D:8:      layout_basic, mainiacjoe_overflow_concentric_impassable,
          dpeg_lair_monsters, minmay_misc_feat_roman, minmay_liquid_box,
          unseen_surprise_small, uniq_joseph, uniq_pikel, uniq_maggie
Temple:   hellmonk_temple_flake

Skill      XL: |  1  2  3  4  5  6  7  8  9 10 |
---------------+-------------------------------+-----
Fire Magic     | 3 4 5 6 7 8 |  8.1
Dodging        | 2 3 |  3.6
Spellcasting   | 3 4 5 6 8 |  8.9
Conjurations   | 2 3 4 5 |  5.5
Maces & Flails | 1 |  1.4
Shields        | 1 2 |  2.5
Armour         | 1 2 |  2.8
Staves         | 1 |  1.1
Earth Magic    | 1 2 |  2.9
Fighting       | 1 |  1.1
Stealth        | |  1.7

Action                   |  1- 3 |  4- 6 |  7- 9 | 10-12 || total
-------------------------+-------+-------+-------+-------++-------
Melee: Club              |     9 |       |       |       ||     9
       Whip              |       |    26 |     6 |       ||    32
       Staff             |       |       |     9 |     5 ||    14
 Cast: Foxfire           |    72 |    80 |   171 |    20 ||   343
       Scorch            |     7 |    20 |    38 |    14 ||    79
       Stone Arrow       |       |       |    17 |     4 ||    21
       Flame Wave        |       |       |     2 |       ||     2
  Use: Potion            |       |     1 |       |       ||     1
       Scroll            |       |    16 |     2 |       ||    18
Armor: Robe              |     6 |    27 |     1 |       ||    34
       Leather armour    |       |       |    27 |    11 ||    38
Dodge: Dodged            |    16 |    34 |    43 |    10 ||   103
Block: Other             |     6 |    27 |    39 |     8 ||    80
       Reflection        |       |       |     1 |       ||     1

Table legend: (Time is in decaauts)
 A = Elapsed time spent in this place.
 B = Non-inter-level travel time spent in this place.
 C = Inter-level travel time spent in this place.
 D = Time resting spent in this place.
 E = Time spent auto-exploring this place.
 F = Levels seen in this place.
 G = Mean time per level.
                   A        B        C        D        E       F      G
               +--------+--------+--------+--------+--------+-----+--------+
         Total |  10315 |   9952 |    363 |    408 |   8117 |   9 | 1146.1 |
       Dungeon |  10160 |   9798 |    362 |    408 |   7991 |   8 | 1270.0 |
        Temple |    155 |    155 |      0 |      0 |    126 |   1 |  155.0 |
               +--------+--------+--------+--------+--------+-----+--------+

Top non-repeatable levels by time:
     D:6: 1853 daAuts
     D:4: 1608 daAuts
     D:5: 1385 daAuts
     D:7: 1373 daAuts
     D:3: 1301 daAuts
     D:2: 1245 daAuts
     D:1: 989 daAuts
     D:8: 403 daAuts
  Temple: 155 daAuts
